 Dungeon Sprint DCSS version 0.30.0-20-g3b4254fcbd (webtiles) character file.

Game seed: 9209258979936827225

11100000 Groucho the Axe Maniac (level 27, -218/228 HPs)
             Began as a Djinni Warper on June 2, 2023.
             Was the Champion of Makhleb.
             Annihilated by a destroyer
             ... wielding a +9 heavy great sword
              (221 damage)
             ... in the Dungeon (Sprint VIII: "Arena of Blood").
             The game lasted 00:04:07 (111 turns).

Groucho the Axe Maniac (Djinni Warper)               Turns: 111, Time: 00:04:08

Health: -218/228   AC:  6    Str: 10    XL:     27
Gold:   0          EV: 29    Int: 24    God:    Makhleb [******] SH:  0 Dex: 18

rFire   + + .        i - +∞ Axe of Woe
rCold   x . .        (shield currently unavailable)
rNeg    . . .        b - +0 leather armour
rPois   ∞            (no helmet)
rElec   .            (no cloak)
rCorr   .            (no gloves)
SInv    +            (boots unavailable)
Will    ++...        (no amulet)
Stlth   +++++++++    j - ring of see invisible
HPRegen 0.58/turn    (no ring)
MPRegen 0.00/turn

%: no teleportation, infuse magic (-219 HP)
@: flying
A: sickness immunity, fire resistance 2, cold vulnerability 1, float, innate
caster, HP casting, extra vitality 1
a: Renounce Religion, Minor Destruction, Lesser Servant of Makhleb, Major
Destruction, Greater Servant of Makhleb


You were in the Dungeon.
You worshipped Makhleb.
Makhleb was exalted by your worship.
You visited 1 branch

Inventory:

Hand Weapons
 a - a +0 hand axe
 i - the +∞ Axe of Woe (weapon)
   (You found it in the Dungeon)
Missiles
 d - 7 boomerangs of dispersal
Armour
 b - a +0 leather armour (worn)
Jewellery
 j - a ring of see invisible (left hand)
 k - a +200 ring of slaying
 l - a +250 ring of slaying
 m - a +250 ring of slaying
 n - a +250 ring of slaying
 o - a +200 ring of slaying
Scrolls
 c - 2 scrolls of blinking
Potions
 e - a potion of curing
 f - a potion of heal wounds
 g - a potion of haste
 h - a potion of berserk rage


   Skills:
 O Level 27 Fighting
 O Level 27 Short Blades
 O Level 27 Long Blades
 O Level 27 Axes
 O Level 27 Maces & Flails
 O Level 27 Polearms
 O Level 27 Staves
 O Level 27 Ranged Weapons
 O Level 27 Throwing
 O Level 27 Armour
 O Level 27 Dodging
 O Level 27 Stealth
 O Level 27 Shields
 O Level 27 Unarmed Combat
 O Level 27 Spellcasting
 O Level 27 Invocations
 O Level 27 Evocations


You knew the following spells:

 Your Spells              Type           Power      Damage    Failure   Level
a - Blink                 Tloc           100%       N/A       0%          2
b - Lesser Beckoning      Tloc           100%       N/A       0%          2
c - Vhi's Electric Charg  Tloc/Air       100%       N/A       0%          3
d - Teleport Other        Tloc           100%       N/A       0%          3
e - Manifold Assault      Tloc           100%       N/A       0%          4
f - Foxfire               Conj/Fire      100%       2x1d9     0%          1
g - Poisonous Vapours     Pois/Air       100%       N/A       0%          2
h - Confusing Touch       Hex            100%       N/A       0%          3
i - Passage of Golubria   Tloc           100%       N/A       0%          4
j - Summon Ice Beast      Ice/Summ       100%       N/A       0%          4
k - Metabolic Englaciati  Hex/Ice        52%        N/A       0%          5
l - Summon Cactus Giant   Summ           52%        N/A       0%          6
m - Statue Form           Tmut/Erth      69%        N/A       0%          6
n - Iron Shot             Conj/Erth      52%        9d10      0%          6
o - Necromutation         Tmut/Necr      52%        N/A       1%          8
p - Maxwell's Capacitive  Air            52%        ∞         1%          8
q - Dragon's Call         Summ           52%        N/A       1%          9
r - Death's Door          Necr           52%        N/A       1%          9
Your spell library was empty.

Dungeon Overview and Level Annotations

Branches:
Dungeon (1/1)

Altars:
Makhleb


Innate Abilities, Weirdness & Mutations

You are immune to sickness and miasma.
You are immune to poison.
Your flesh is very heat resistant. (rF++)
You are vulnerable to cold. (rC-)
You float through the air rather than walking.
You learn spells naturally, not from books.
Your magical power is your life essence.
You have superior vitality. (+4 MHP)


Message History

The observer gazes at you. Something smites you!
You hear a shout! x4
The eight-headed meat hydra calls on the powers of darkness!
The eight-headed meat hydra convulses!
The scourge convulses!
The eight-headed meat hydra convulses!
The bag of meat convulses!
The meat berserker convulses! x2; The observer convulses!
Your body is wracked with pain!
* * * LOW HITPOINT WARNING * * *
The scourge convulses!
The scourge hisses angrily.
The bag of meat convulses!
The bag of meat shouts!
The bag of meat convulses!
The scourge convulses!
You hear a shout! x2
The scourge is engulfed in blazing flames.
The destroyer gestures at you while chanting.
The destroyer blinks!
You hear a shout! x2
Things that are here:
a +9 heavy great sword; a +200 ring of slaying Unknown command.
o - a +200 ring of slaying You hear a shout!
The meat berserker hits you with a +9 battleaxe!!!
* * * LOW HITPOINT WARNING * * *
You hear a shout!
The meat berserker hits you with a +9 battleaxe!
* * * LOW HITPOINT WARNING * * *
The observer pulsates ominously.
The eight-headed meat hydra calls on the powers of darkness!
The eight-headed meat hydra convulses!
The bag of meat convulses!
The eight-headed meat hydra convulses!
The scourge convulses!
The observer convulses!
The meat berserker convulses!
The scourge convulses!
The bag of meat convulses!
You feel a surge of unholy energy.
The bag of meat convulses!
The meat berserker convulses!
The scourge convulses!
You hear a shout! x3
The destroyer hits you with a +9 heavy great sword!!!!!
Ouch! That really hurt!
You die...

..###)......###...
.....#......)#.....
.....#.)...))#....
....).)...W))......
..o)G..S).).)....#.
...)Do)D).)....)#..
...)).).)..)..##.).
....#.2SO).).#)....
...)).O@oS...#)..##
...##.#.V)§..).†.)
........§°§..)..).
###....#§)§.)####.
........))))...#..
.........)........
##...............#
#################


You could see a meat beast (fast), 2 eight-headed meat hydras, a destroyer, an
observer (fast, invisible), 3 scourges, a dread, 2 meat berserkers and 3 bags of
meat.

Vanquished Creatures
  4 hell beasts (D)
  5 royal mummies (D)
  5 great orbs of eyes (D)
  2 wraiths (D)
  13 vampire knights (D)
  28 ogres (D)
  5 two-headed ogres (D)
  5 liches (D)
  A hydra (D)
  6 phantoms (D)
  39 orcs (D)
  6 skeletal warriors (D)
119 creatures vanquished.

Notes
Turn   | Place    | Note
-------+----------+-------------------------------------------
     0 | D        | Found the +∞ Axe of Woe
     0 | D        | Groucho the Djinni Warper began the quest for the Orb.
     0 | D        | Groucho set off with the following spells memorised: Blink,
                  | Lesser Beckoning, Vhi's Electric Charge, Teleport Other,
                  | Manifold Assault.
     0 | D        | Reached XP level 1. HP: 18/18 MP: 0/0
     3 | D        | Noticed a bag of meat
     4 | D        | Noticed a bag of meat
     4 | D        | Noticed a bag of meat
     8 | D        | Became a worshipper of Makhleb the Destroyer
     9 | D        | Noticed a meat berserker
     9 | D        | Noticed a meat berserker
    10 | D        | Killed a bag of meat
    10 | D        | Noticed a bag of meat
    10 | D        | Noticed a meat berserker
    11 | D        | Reached skill level 15 in Axes
    11 | D        | Reached skill level 10 in Spellcasting
    11 | D        | Reached XP level 2. HP: 23/23 MP: 0/0
    11 | D        | Reached XP level 3. HP: 28/28 MP: 0/0
    11 | D        | Learned a level 1 spell: Foxfire
    11 | D        | Reached XP level 4. HP: 33/33 MP: 0/0
    11 | D        | Reached XP level 5. HP: 38/38 MP: 0/0
    11 | D        | Learned a level 2 spell: Poisonous Vapours
    11 | D        | Reached XP level 6. HP: 43/43 MP: 0/0
    11 | D        | Reached XP level 7. HP: 49/49 MP: 0/0
    11 | D        | Learned a level 3 spell: Confusing Touch
    11 | D        | Reached XP level 8. HP: 54/54 MP: 0/0
    11 | D        | Reached XP level 9. HP: 58/58 MP: 0/0
    11 | D        | Learned a level 4 spell: Passage of Golubria
    11 | D        | Reached XP level 10. HP: 64/64 MP: 0/0
    11 | D        | Reached XP level 11. HP: 68/68 MP: 0/0
    11 | D        | Learned a level 4 spell: Summon Ice Beast
    11 | D        | Killed a bag of meat
    11 | D        | Reached * piety under Makhleb
    11 | D        | Killed a bag of meat
    12 | D        | Reached XP level 12. HP: 74/74 MP: 0/0
    12 | D        | Reached XP level 13. HP: 78/78 MP: 0/0
    12 | D        | Learned a level 5 spell: Metabolic Englaciation
    12 | D        | Killed a meat berserker
    12 | D        | Killed a meat berserker
    12 | D        | Reached ** piety under Makhleb
    13 | D        | Reached skill level 15 in Spellcasting
    13 | D        | Reached XP level 14. HP: 85/85 MP: 0/0
    13 | D        | Noticed a meat berserker
    13 | D        | Noticed a bag of meat
    13 | D        | Noticed a bag of meat
    14 | D        | Noticed a meat berserker
    14 | D        | Noticed a bag of meat
    14 | D        | Noticed a bag of meat
    14 | D        | HP: 2/85 [meat berserker/+9 battleaxe (83)]
    14 | D        | Noticed a bag of meat
    15 | D        | Killed a meat berserker
    15 | D        | Killed a bag of meat
    16 | D        | Reached XP level 15. HP: 72/89 MP: 0/0
    16 | D        | Learned a level 6 spell: Summon Cactus Giant
    16 | D        | Killed a meat berserker
    16 | D        | Reached *** piety under Makhleb
    16 | D        | Noticed a meat berserker
    16 | D        | Noticed a meat berserker
    17 | D        | Reached XP level 16. HP: 76/94 MP: 0/0
    17 | D        | Killed a meat berserker
    17 | D        | Reached **** piety under Makhleb
    18 | D        | Reached skill level 27 in Axes
    18 | D        | Reached skill level 27 in Dodging
    18 | D        | Reached XP level 17. HP: 99/99 MP: 0/0
    18 | D        | Learned a level 6 spell: Statue Form
    18 | D        | Reached ***** piety under Makhleb
    18 | D        | Noticed a meat berserker
    18 | D        | Noticed a meat berserker
    19 | D        | Killed a meat berserker
    19 | D        | Killed a meat berserker
    19 | D        | Killed a meat berserker
    19 | D        | Killed a meat berserker
    20 | D        | Reached skill level 27 in Spellcasting
    20 | D        | Reached XP level 18. HP: 104/104 MP: 0/0
    20 | D        | Reached XP level 19. HP: 109/109 MP: 0/0
    20 | D        | Learned a level 6 spell: Iron Shot
    20 | D        | Noticed a meat berserker
    22 | D        | Killed a meat berserker
    22 | D        | Reached ****** piety under Makhleb
    22 | D        | Noticed a large bag of meat
    22 | D        | Noticed a meat berserker
    23 | D        | Reached skill level 27 in Stealth
    23 | D        | Killed a large bag of meat
    24 | D        | Reached skill level 27 in Fighting
    24 | D        | Reached XP level 20. HP: 181/181 MP: 0/0
    24 | D        | Killed a meat berserker
    25 | D        | Noticed a destroyer
    25 | D        | Noticed a destroyer
    25 | D        | Noticed a meat berserker
    26 | D        | Killed a destroyer
    26 | D        | Noticed a destroyer
    27 | D        | Reached XP level 21. HP: 187/187 MP: 0/0
    27 | D        | Learned a level 8 spell: Necromutation
    27 | D        | Noticed a destroyer
    27 | D        | Noticed a meat berserker
    28 | D        | Killed a meat berserker
    28 | D        | Killed a destroyer
    29 | D        | Reached skill level 27 in Throwing
    29 | D        | Reached XP level 22. HP: 194/194 MP: 0/0
    29 | D        | Killed a meat berserker
    29 | D        | Killed a destroyer
    29 | D        | Killed a destroyer
    32 | D        | Noticed a destroyer
    32 | D        | Killed a destroyer
    32 | D        | Noticed a large bag of meat
    33 | D        | Reached skill level 27 in Armour
    33 | D        | Reached skill level 27 in Invocations
    33 | D        | Reached XP level 23. HP: 201/201 MP: 0/0
    33 | D        | Learned a level 8 spell: Maxwell's Capacitive Coupling
    33 | D        | Noticed a destroyer
    33 | D        | Noticed a destroyer
    34 | D        | Noticed a large bag of meat
    35 | D        | Killed a large bag of meat
    36 | D        | Killed a destroyer
    37 | D        | Reached XP level 24. HP: 208/208 MP: 0/0
    37 | D        | Killed a destroyer
    37 | D        | Noticed a destroyer
    38 | D        | Reached skill level 15 in Shields
    38 | D        | Reached skill level 15 in Unarmed Combat
    38 | D        | Reached skill level 15 in Evocations
    38 | D        | Killed a large bag of meat
    39 | D        | Noticed a destroyer
    42 | D        | Killed a destroyer
    43 | D        | Reached skill level 15 in Short Blades
    43 | D        | Reached skill level 15 in Long Blades
    43 | D        | Reached skill level 15 in Staves
    43 | D        | Reached XP level 25. HP: 214/214 MP: 0/0
    43 | D        | Learned a level 9 spell: Dragon's Call
    45 | D        | Noticed a tyrant
    46 | D        | Killed a destroyer
    47 | D        | Reached skill level 15 in Maces & Flails
    47 | D        | Reached skill level 15 in Polearms
    47 | D        | Reached skill level 15 in Ranged Weapons
    48 | D        | Noticed an accursed
    51 | D        | Noticed a destroyer
    52 | D        | Killed a tyrant
    53 | D        | Reached XP level 26. HP: 205/221 MP: 0/0
    55 | D        | Noticed an accursed
    60 | D        | Killed a destroyer
    60 | D        | Killed an accursed
    60 | D        | Killed an accursed
    61 | D        | Reached XP level 27. HP: 116/228 MP: 0/0
    61 | D        | Learned a level 9 spell: Death's Door
    64 | D        | Noticed a dread
    65 | D        | Noticed a meat beast
    68 | D        | Killed a dread
    69 | D        | Noticed a meat beast
    70 | D        | Killed a meat beast
    71 | D        | Reached skill level 27 in Shields
    71 | D        | Reached skill level 27 in Unarmed Combat
    71 | D        | Reached skill level 27 in Evocations
    71 | D        | Noticed an accursed
    72 | D        | Noticed an accursed
    73 | D        | Killed a meat beast
    74 | D        | Reached skill level 27 in Short Blades
    74 | D        | Reached skill level 27 in Long Blades
    74 | D        | Reached skill level 27 in Maces & Flails
    74 | D        | Reached skill level 27 in Polearms
    74 | D        | Reached skill level 27 in Staves
    74 | D        | Reached skill level 27 in Ranged Weapons
    74 | D        | Noticed a dread
    75 | D        | Killed a dread
    75 | D        | Killed an accursed
    75 | D        | Killed an accursed
    79 | D        | Noticed a large bag of meat
    79 | D        | Noticed a tyrant
    81 | D        | Noticed a meat beast
    83 | D        | Noticed a tyrant
    83 | D        | Noticed an accursed
    84 | D        | Killed a meat beast
    85 | D        | Killed a large bag of meat
    85 | D        | Noticed a destroyer
    85 | D        | Noticed a tyrant
    86 | D        | Noticed a destroyer
    88 | D        | Killed a tyrant
    89 | D        | Killed a destroyer
    90 | D        | Killed a tyrant
    91 | D        | Killed a destroyer
    92 | D        | Noticed a tyrant
    92 | D        | Killed a tyrant
    96 | D        | Killed a tyrant
    97 | D        | Noticed a destroyer
    99 | D        | Killed an accursed
    99 | D        | Noticed a large bag of meat
   100 | D        | Noticed a meat beast
   103 | D        | Killed a meat beast
   104 | D        | Killed a destroyer
   108 | D        | Killed a large bag of meat
   108 | D        | Noticed a meat beast
   108 | D        | Noticed a destroyer
   110 | D        | Noticed a dread
   111 | D        | HP: 3/228 [meat berserker/+9 battleaxe (13)]
   111 | D        | Annihilated by a destroyer

Illustrated notes

Levels and vault maps discovered:
D:        meatsprint

Skill      XL: |  1  2  3  4  5  6  7  8  9 10 11 12 13 14 15 16 17 18 19 20 21 22 23 24 25 26 27 |
---------------+----------------------------------------------------------------------------------+-----
Axes           | 15 19 23 25 26 27 | 27.0
Dodging        | 14 18 21 23 24 27 | 27.0
Spellcasting   | 10 13 15 17 18 22 27 | 27.0
Stealth        | 24 27 | 27.0
Fighting       | 27 | 27.0
Throwing       | 8 23 27 | 27.0
Armour         | 14 27 | 27.0
Invocations    | 14 27 | 27.0
Short Blades   | 3 12 15 18 22 27 | 27.0
Long Blades    | 3 12 15 18 22 27 | 27.0
Maces & Flails | 3 11 14 17 20 27 | 27.0
Polearms       | 3 11 14 17 20 27 | 27.0
Staves         | 3 12 15 18 22 27 | 27.0
Ranged Weapons | 3 11 14 17 20 27 | 27.0
Shields        | 3 13 17 20 23 27 | 27.0
Unarmed Combat | 3 13 17 20 23 27 | 27.0
Evocations     | 3 13 17 20 23 27 | 27.0

Action                     |  1- 3 |  4- 6 |  7- 9 | 10-12 | 13-15 | 16-18 | 19-21 | 22-24 | 25-27 || total
---------------------------+-------+-------+-------+-------+-------+-------+-------+-------+-------++-------
  Melee: Executioner's axe |     1 |       |       |     1 |     3 |    11 |    16 |    20 |    55 ||   107
   Cast: Manifold Assault  |       |       |       |       |       |     3 |     4 |     6 |     6 ||    19
 Armour: Leather armour    |       |       |       |       |       |       |       |       |     2 ||     2
  Dodge: Dodged            |       |       |       |       |       |       |       |       |     8 ||     8
